Map: Galactic Process LE

Players

BunnyWillis - Winner!

  • Race: Terran Terran
  • League: Master

Bioice

  • Race: Zerg Zerg
  • League: Master

VOD

Have the link to the VOD?

Description

Time

  • Played on: July 12, 2016, 3:32 p.m.
  • Length: 17:24
Show
View Real Time Build Order
Export as new Build Order

BunnyWillis Terran - Winner!

Build Orders:  

Get SALT Encoding   

  12  0:01  SCV  
  13  0:13  SCV  
  14  0:23  Supply Depot  
  14  0:25  SCV  
  15  0:44  SCV  
  15  0:46  Barracks, Refinery  
  16  0:56  SCV  
  17  1:08  SCV  
  18  1:21  SCV  
  19  1:34  Orbital Command  
  19  1:36  Barracks Reactor  
  19  1:45  Command Center  
  19  2:01  SCV  
  20  2:02  Supply Depot  
  20  2:12  Factory  
  20  2:13  SCV  
  20  2:15  Marine  
  22  2:16  Marine  
  23  2:23  Refinery  
  23  2:25  SCV  
  24  2:35  Marine x2  
  26  2:37  SCV  
  27  2:52  Bunker  
  27  2:56  Marine x2  
  27  2:57  Factory Reactor  
  30  3:00  Orbital Command  
  30  3:01  SCV  
  30  3:15  Starport  
  30  3:16  Marine  
  30  3:18  Marine  
  30  3:19  SCV  
  33  3:24  Supply Depot  
  33  3:26  SCV  
  34  3:31  SCV  
  35  3:38  SCV  
  35  3:39  Marine x2  
  38  3:44  SCV  
  38  3:48  Widow Mine  
  39  3:51  SCV  
  42  3:56  Supply Depot  
  42  3:59  Medivac x2  
  42  4:00  Marine x2  
  42  4:02  SCV  
  49  4:03  SCV  
  50  4:17  Marine  
  50  4:18  Marine, Factory Tech Lab  
  50  4:21  SCV x2  
  54  4:26  Liberator  
  54  4:27  Liberator  
  54  4:35  Marine x2  
  54  4:36  Command Center  
  62  4:50  Supply Depot x2  
  62  5:06  Supply Depot  
  62  5:11  Marine x2, Siege Tank, SCV x2  
  69  5:23  SCV x2  
  71  5:36  Refinery x2  
  71  5:38  Barracks, SCV x2  
  71  5:39  Engineering Bay x2, Barracks x2  
  71  5:41  Barracks  
  73  5:48  Marine  
  73  5:49  Marine  
  74  5:50  Orbital Command, SCV  
  74  5:53  SCV  
  76  6:02  SCV  
  77  6:05  SCV  
  77  6:06  Marine  
  77  6:09  Medivac x2, Orbital Command  
  77  6:10  Siege Tank  
  86  6:14  SCV  
  87  6:19  Terran Infantry Armor Level 1  
  85  6:32  SCV x2  
  87  6:34  Barracks Reactor, Barracks Tech Lab x2  
  87  6:35  Barracks Reactor  
  87  6:36  SCV  
  88  6:40  Marine x2  
  88  6:43  Siege Tank  
  93  6:49  SCV x2  
  95  6:58  Marine x2, SCV  
  100  7:01  Marine  
  100  7:04  Combat Shields  
  100  7:05  SCV, Stimpack  
  100  7:07  Refinery  
  100  7:08  Refinery  
  100  7:09  Supply Depot  
  100  7:10  SCV  
  100  7:11  Supply Depot x3  
  100  7:12  Supply Depot  
  101  7:31  SCV x3  
  101  7:43  SCV x3  
  101  7:47  Marine x5  
  101  7:48  Marauder x2, Marine  
  111  7:52  Terran Infantry Weapons Level 1  
  111  7:55  Barracks x2, SCV x3, Armory  
  111  7:56  Barracks  
  114  8:05  Marine x3, Siege Tank  
  117  8:06  Medivac x2  
  117  8:07  SCV x2  
  117  8:18  Marine x3  
  117  8:19  Marauder x2  
  119  8:30  Marine x3  
  122  8:36  Marine x3  
  122  8:38  Siege Tank  
  122  8:39  Medivac x2  
  122  8:40  Marine  
  133  8:43  Barracks Reactor, Barracks Tech Lab x2  
  133  8:46  Terran Infantry Armor Level 2, Barracks Tech Lab  
  133  8:51  Marauder, Marine x3  
  133  8:54  Marine x3  
  141  9:03  Command Center  
  141  9:04  Marauder, Supply Depot x3  
  143  9:13  Marauder x3  
  149  9:20  Liberator  
  149  9:21  Liberator  
  149  9:25  Marauder, Marine  
  155  9:39  Thor  
  155  9:45  Barracks  
  161  9:46  Barracks  
  161  9:47  Marauder x2, Barracks  
  165  9:57  Marauder x3  
  171  10:09  Terran Infantry Weapons Level 2, Marauder  
  173  10:18  Marauder x3  
  173  10:19  Marauder  
  179  10:30  Marauder  
  179  10:35  Barracks Tech Lab  
  179  10:39  Marauder  
  179  10:40  Marauder x3  
  177  10:51  Marauder  
  179  11:01  Marauder x4  
  179  11:04  Liberator x2  
  183  11:10  Marauder  
  173  11:12  Barracks Tech Lab  
  173  11:13  Marauder, Barracks Tech Lab  
  173  11:17  Planetary Fortress  
  175  11:22  Marauder x2  
  175  11:23  Marauder  
  187  11:28  Terran Infantry Armor Level 3  
  187  11:29  Marauder  
  187  11:32  Marauder  
  172  11:34  Marauder  
  172  11:36  Marauder x2  
  151  11:44  Marauder x3  
  157  11:49  Marine, Concussive Shells  
  157  11:51  Marauder  
  157  11:53  Marauder  
  162  11:56  Marauder  
  162  11:57  Marauder x2  
  168  12:04  Terran Ship Weapons Level 1  
  168  12:05  Marauder  
  168  12:06  Marauder x2  
  174  12:10  Marine  
  174  12:12  Marauder  
  174  12:15  Marauder  
  179  12:17  Marauder  
  179  12:18  Marine  
  179  12:19  Marauder x2, Marine  
  187  12:28  Terran Infantry Weapons Level 3  
  187  12:32  Marauder x2  
  183  12:42  Marauder x2, Marine  
  188  12:55  Marauder  
  188  12:56  Marine  
  188  12:57  Marauder  
  188  12:58  Marauder x3  
  187  12:59  Marauder  
  187  13:00  Hellbat  
  187  13:04  Marauder x2  
  169  13:07  Marine x2  
  169  13:08  Marine x2  
  169  13:17  Marauder  
  169  13:18  Marauder  
  173  13:44  Orbital Command  
  173  13:46  Marauder  
  173  13:47  Marauder  
  173  13:50  Marine x2  
  173  13:51  Marauder  
  173  13:52  Marine x6  
  173  13:55  Marine x2  
  173  13:56  Marine  
  150  14:07  Marine  
  150  14:08  Marine x3  
  150  14:09  Marine x2  
  146  14:10  Marine x2  
  138  14:18  Marauder x2  
  138  14:20  Marine  
  138  14:21  Marine x2  
  139  14:24  Marine  
  139  14:25  Marauder  
  139  14:26  Marine  
  140  14:32  Marine x2  
  140  14:33  Marine x4  
  144  14:38  Marine x2  
  144  14:41  Marine x2  
  144  14:43  Marine  
  144  14:44  Marine x2  
  131  14:55  Marauder x4  
  131  14:56  Marine  
  133  15:02  Marauder, Marine x2  
  127  15:13  Marauder x2  
  127  15:14  Marauder  
  122  15:16  Marauder  
  120  15:23  Marauder  
  120  15:24  Marauder x3  
  128  15:35  Marauder x2  
  125  15:36  Thor  
  125  15:37  Medivac  
  118  15:45  Marauder x2  
  118  15:46  Marauder  
  118  15:48  Marauder  
  123  15:56  Marauder x2  
  107  15:59  Marauder  
  109  16:09  Marauder x2  
  109  16:10  Marauder x2  
  117  16:17  Marauder, Marine  
  120  16:19  Marine x3, Orbital Command  
  123  16:30  Thor  
  129  16:36  Marauder  
  131  16:40  Marauder x2  
  131  16:45  Marauder  
  137  16:48  Marauder  
  137  16:51  Marauder  
  137  16:52  Marauder  
  145  16:54  Marauder  
  145  16:58  Marauder  
  147  17:01  Marauder  
Show
View Real Time Build Order
Export as new Build Order

Bioice Zerg 

Build Orders: Hatch First 

Get SALT Encoding   

  12  0:01  Drone  
  13  0:10  Drone  
  14  0:16  Extractor  
  14  0:18  Drone  
  14  0:23  Extractor  
  14  0:24  Drone  
  14  0:27  Overlord  
  16  0:56  Hatchery  
  15  0:57  Drone  
  15  1:01  Drone  
  17  1:04  Drone  
  17  1:09  Extractor  
  17  1:20  Spawning Pool  
  17  1:22  Drone  
  17  1:26  Drone  
  17  1:30  Drone  
  19  1:40  Overlord  
  19  1:52  Drone  
  20  2:07  Queen  
  20  2:08  Queen  
  24  2:09  Zergling x4  
  24  2:13  Metabolic Boost  
  26  2:19  Drone  
  26  2:21  Drone  
  28  2:24  Drone  
  28  2:29  Overlord  
  29  2:34  Drone  
  30  2:44  Drone  
  30  2:45  Drone  
  30  2:48  Queen  
  34  2:52  Pneumatized Carapace  
  34  2:58  Overlord  
  34  3:01  Drone  
  34  3:03  Drone  
  36  3:07  Drone  
  36  3:16  Drone x4  
  36  3:18  Drone  
  36  3:19  Drone  
  42  3:21  Drone  
  42  3:24  Drone  
  44  3:32  Drone x2  
  46  3:41  Hatchery  
  45  3:53  Roach Warren  
  45  3:54  Lair  
  44  3:56  Drone  
  44  3:57  Drone, Extractor  
  44  3:58  Drone x2  
  47  4:04  Overlord  
  47  4:07  Drone x3  
  47  4:08  Drone  
  51  4:15  Overlord  
  51  4:17  Spore Crawler  
  51  4:21  Spore Crawler  
  51  4:22  Drone  
  51  4:24  Drone x3  
  53  4:26  Extractor  
  53  4:27  Extractor, Spore Crawler  
  53  4:28  Overlord  
  51  4:35  Roach x3  
  51  4:38  Roach  
  59  4:51  Roach x2  
  63  4:55  Roach  
  63  4:56  Glial Reconstitution  
  63  4:59  Roach x4  
  73  5:01  Roach  
  73  5:05  Overlord  
  75  5:07  Drone  
  75  5:08  Drone  
  75  5:09  Drone  
  78  5:19  Overlord  
  78  5:20  Drone x2  
  80  5:22  Drone  
  80  5:23  Drone  
  80  5:28  Drone x3  
  84  5:29  Drone x3  
  84  5:30  Drone  
  89  5:41  Drone  
  90  5:43  Infestation Pit, Evolution Chamber  
  90  5:45  Evolution Chamber  
  90  5:47  Drone x3  
  90  5:48  Drone  
  90  5:49  Drone  
  92  5:55  Drone x2  
  92  5:56  Drone  
  96  5:57  Drone  
  96  6:05  Drone  
  96  6:06  Overlord x2  
  96  6:08  Extractor  
  96  6:10  Extractor, Overlord  
  95  6:12  Spore Crawler, Ravager x2  
  95  6:14  Ravager  
  95  6:15  Spore Crawler  
  97  6:21  Hive  
  97  6:27  Overlord  
  97  6:33  Drone x2  
  97  6:34  Drone  
  100  6:42  Zerg Melee Weapons Level 1, Zerg Ground Armor Level 1  
  100  6:43  Pathogen Glands  
  100  6:44  Roach x5  
  100  6:45  Roach x5  
  120  6:52  Overlord x2  
  120  7:01  Drone  
  121  7:08  Infestor x2  
  125  7:14  Roach x6  
  125  7:48  Roach x10  
  125  7:51  Overlord x5  
  145  7:57  Ultralisk Cavern  
  140  8:00  Drone x2  
  140  8:01  Drone  
  139  8:35  Overlord  
  139  8:36  Overlord  
  139  8:37  Hatchery  
  138  8:44  Chitinous Plating  
  138  8:46  Ultralisk x3  
  138  8:48  Ultralisk  
  162  9:00  Queen  
  162  9:01  Queen x2  
  168  9:08  Zerg Ground Armor Level 2  
  168  9:10  Zerg Melee Weapons Level 2, Hatchery  
  168  9:12  Zergling x2  
  168  9:13  Zergling x32  
  184  9:23  Ultralisk  
  187  9:38  Ultralisk  
  193  9:50  Drone  
  193  9:51  Drone x5  
  193  9:52  Overlord x2  
  199  10:04  Extractor  
  199  10:06  Extractor  
  197  10:17  Spire  
  192  10:40  Drone x2  
  192  10:41  Drone  
  192  10:42  Drone  
  196  10:43  Drone x4  
  196  11:14  Drone x4  
  154  11:42  Infestor  
  154  11:43  Infestor x3  
  154  11:47  Ultralisk x6  
  198  11:55  Zerg Ground Armor Level 3, Zerg Melee Weapons Level 3  
  198  12:05  Zerg Flyer Weapons Level 1  
  198  12:18  Extractor  
  198  12:19  Spine Crawler  
  198  12:21  Extractor, Spine Crawler  
  198  12:22  Spine Crawler x2  
  193  12:23  Spine Crawler  
  180  12:33  Corruptor  
  180  12:34  Corruptor x7  
  124  13:09  Ultralisk x3  
  125  13:19  Ultralisk, Zergling x2  
  127  13:20  Zergling x8  
  127  13:23  Drone  
  123  13:32  Ultralisk  
  123  13:33  Zergling x8  
  123  13:34  Zergling x20  
  119  14:00  Ultralisk x3  
  115  14:06  Zergling x2  
  115  14:07  Zergling x10  
  115  14:23  Ultralisk  
  115  14:24  Ultralisk  
  123  14:37  Ultralisk  
  110  14:54  Ultralisk  
  104  15:04  Ultralisk Cavern  
  103  15:08  Infestor  
  105  15:19  Drone x5  
  84  15:49  Infestor x2  
  87  16:01  Hatchery  
  86  16:13  Ultralisk  
  92  16:28  Hatchery  
  91  16:35  Ultralisk  
  104  17:00  Hatchery  
Tags
 
Add a new tag
Caveats
  • Supply blocks, unpowered buildings, or Contaminate may cause inaccurate times.
  • Supply counts are checked every 10 seconds.